[ AOE2 MATCH · #506375969 ]
UnrankedDravidians vs Franks
Player's team · LOSS
Rival team · WIN
[ REPLAY ANALYSIS · EXTRACTED FROM THE RECORDED GAME ]
Feudal
12:38
Castle
22:47
Imperial
58:27
| APM avg | 56.0 |
| APM peak | 113 |
| eAPM avg | 36.0 |
| Villagers / military | 297 / 524 |
Focus
⚔️ 45.0% · 🌾 55.0%
Spearman ×226 · Skirmisher ×113 · Elephant Archer ×48 · Battle Elephant ×44 · Monk ×26 · Scout Cavalry ×19
Feudal
8:32
Castle
24:51
Imperial
50:51
| APM avg | 85.1 |
| APM peak | 129 |
| eAPM avg | 56.0 |
| Villagers / military | 252 / 515 |
Focus
⚔️ 57.3% · 🌾 42.7%
Skirmisher ×169 · Knight ×132 · Scout Cavalry ×123 · Monk ×19 · Archer ×13 · Battering Ram ×13
Match map
Initial resources + every placement click. Lines = walls · curves = elevation contours. ◆ gold · ⬟ stone · ● berries · ✦ relic · ◌ wall gap
Your base· ✓ Closed at 22:47 · 62t walls · no gate
南园寺's base· Open — opponent sealed themselves in
Smoothed initial terrain · ◌ = detected wall gap · hover for details
Inputs per minute
— flightlessbird - - 南园寺
Build order — flightlessbird
First 150 of 1129 actions detected
| 0:00 | Create | Villager (Male) |
| 0:00 | Create | Villager (Male) |
| 0:01 | Create | Villager (Male) |
| 0:01 | Create | Villager (Male) |
| 0:02 | Build | House |
| 0:03 | Build | House |
| 1:30 | Create | Villager (Male) |
| 1:58 | Create | Villager (Male) |
| 1:58 | Create | Villager (Male) |
| 2:21 | Create | Villager (Male) |
| 2:22 | Create | Villager (Male) |
| 2:47 | Build | Barracks |
| 2:52 | Create | Villager (Male) |
| 2:52 | Create | Villager (Male) |
| 3:10 | Create | Villager (Male) |
| 3:10 | Create | Villager (Male) |
| 3:17 | Build | House |
| 3:35 | Create | Villager (Male) |
| 3:43 | Create | Militia |
| 3:59 | Create | Villager (Male) |
| 4:03 | Create | Militia |
| 4:15 | Build | House |
| 4:28 | Create | Villager (Male) |
| 4:50 | Create | Militia |
| 4:51 | Create | Villager (Male) |
| 5:18 | Create | Militia |
| 5:33 | Create | Villager (Male) |
| 5:48 | Create | Villager (Male) |
| 5:51 | Build | Mill |
| 6:12 | Create | Villager (Male) |
| 6:37 | Create | Villager (Male) |
| 7:02 | Create | Villager (Male) |
| 7:14 | Build | House |
| 7:51 | Create | Villager (Male) |
| 8:09 | Create | Villager (Male) |
| 8:14 | Build | Lumber Camp |
| 8:25 | Build | Farm |
| 8:35 | Create | Villager (Male) |
| 8:50 | Create | Villager (Male) |
| 9:13 | Build | Farm |
| 9:24 | Build | Farm |
| 9:33 | Create | Villager (Male) |
| 9:43 | Build | Farm |
| 9:53 | Research | Loom |
| 10:21 | Build | House |
| 10:28 | Research | Feudal Age |
| 10:35 | Create | Militia |
| 10:41 | Build | Mining Camp |
| 10:47 | Build | Palisade Wall |
| 10:50 | Build | Palisade Wall |
| 11:10 | Create | Militia |
| 11:14 | Build | Palisade Wall |
| 11:23 | Build | House |
| 11:24 | Build | Palisade Wall |
| 11:26 | Build | Palisade Wall |
| 11:38 | Create | Militia |
| 11:38 | Create | Militia |
| 11:46 | Build | Palisade Wall |
| 11:49 | Build | Palisade Wall |
| 11:51 | Build | Palisade Wall |
| 12:04 | Create | Militia |
| 12:25 | Create | Villager (Male) |
| 12:38 | Age | Feudal Age |
| 12:42 | Research | Man-at-Arms (upgrade) |
| 12:42 | Research | Man-at-Arms (upgrade) |
| 12:57 | Create | Villager (Male) |
| 13:03 | Create | Spearman |
| 13:07 | Build | Farm |
| 13:08 | Build | Farm |
| 13:08 | Build | Farm |
| 13:08 | Build | Farm |
| 13:08 | Build | Farm |
| 13:08 | Build | Farm |
| 13:10 | Research | Double-Bit Axe |
| 13:10 | Research | Double-Bit Axe |
| 13:25 | Create | Villager (Male) |
| 13:40 | Create | Spearman |
| 13:45 | Build | Palisade Wall |
| 13:52 | Build | Farm |
| 13:58 | Create | Villager (Male) |
| 14:11 | Build | Farm |
| 14:15 | Build | Farm |
| 14:17 | Build | Farm |
| 14:24 | Create | Spearman |
| 14:28 | Create | Villager (Male) |
| 14:47 | Build | Farm |
| 14:51 | Create | Villager (Male) |
| 14:51 | Create | Villager (Male) |
| 14:55 | Build | Farm |
| 14:58 | Build | House |
| 15:09 | Create | Villager (Male) |
| 15:10 | Create | Spearman |
| 15:30 | Create | Spearman |
| 15:33 | Create | Villager (Male) |
| 15:45 | Create | Spearman |
| 15:54 | Create | Villager (Male) |
| 16:03 | Build | Archery Range |
| 16:07 | Create | Spearman |
| 16:12 | Create | Villager (Male) |
| 16:24 | Build | Palisade Wall |
| 16:46 | Create | Villager (Male) |
| 17:01 | Create | Archer |
| 17:03 | Build | Farm |
| 17:05 | Build | House |
| 17:30 | Create | Archer |
| 17:37 | Create | Villager (Male) |
| 17:43 | Build | Blacksmith |
| 18:13 | Create | Villager (Male) |
| 18:21 | Build | Farm |
| 18:34 | Create | Archer |
| 18:39 | Create | Villager (Male) |
| 19:06 | Create | Villager (Male) |
| 19:13 | Build | Lumber Camp |
| 19:18 | Create | Archer |
| 19:28 | Build | Palisade Wall |
| 19:33 | Create | Villager (Male) |
| 19:58 | Create | Archer |
| 20:07 | Research | Castle Age |
| 20:11 | Build | House |
| 20:15 | Build | Archery Range |
| 20:19 | Build | Watch Tower |
| 20:25 | Research | Fletching |
| 20:27 | Build | House |
| 20:40 | Build | Palisade Wall |
| 20:46 | Build | Market |
| 20:49 | Create | Archer |
| 21:08 | Create | Archer |
| 21:18 | Create | Archer |
| 21:21 | Research | Gold Mining |
| 21:21 | Research | Gold Mining |
| 21:22 | Research | Horse Collar |
| 21:23 | Research | Horse Collar |
| 21:26 | Build | House |
| 21:27 | Build | House |
| 21:35 | Build | House |
| 21:37 | Create | Archer |
| 21:58 | Build | Lumber Camp |
| 22:14 | Create | Archer |
| 22:30 | Build | House |
| 22:31 | Build | House |
| 22:47 | Age | Castle Age |
| 22:50 | Research | Crossbowman (upgrade) |
| 22:50 | Research | Crossbowman (upgrade) |
| 22:50 | Research | Bodkin Arrow |
| 22:50 | Research | Bodkin Arrow |
| 23:00 | Build | Market |
| 23:10 | Create | Villager (Male) |
| 23:23 | Create | Elephant Archer |
| 23:23 | Create | Elephant Archer |
| 23:29 | Build | House |
Build order — 南园寺
First 150 of 974 actions detected
| 0:01 | Create | Villager (Male) |
| 0:01 | Create | Villager (Male) |
| 0:02 | Create | Villager (Male) |
| 0:02 | Create | Villager (Male) |
| 0:03 | Build | House |
| 0:04 | Build | House |
| 1:27 | Create | Villager (Male) |
| 1:28 | Create | Villager (Male) |
| 1:52 | Build | Lumber Camp |
| 2:02 | Create | Villager (Male) |
| 2:02 | Create | Villager (Male) |
| 2:14 | Create | Villager (Male) |
| 2:46 | Create | Villager (Male) |
| 2:46 | Create | Villager (Male) |
| 3:03 | Create | Villager (Male) |
| 3:41 | Create | Villager (Male) |
| 3:52 | Build | House |
| 4:00 | Create | Villager (Male) |
| 4:00 | Create | Villager (Male) |
| 4:31 | Create | Villager (Male) |
| 4:42 | Build | Mill |
| 4:59 | Create | Villager (Male) |
| 5:20 | Create | Villager (Male) |
| 5:44 | Research | Loom |
| 6:14 | Build | Palisade Wall |
| 6:14 | Build | Palisade Wall |
| 6:22 | Research | Feudal Age |
| 6:22 | Research | Feudal Age |
| 6:25 | Build | Palisade Wall |
| 6:27 | Build | Palisade Wall |
| 6:29 | Build | Palisade Wall |
| 8:22 | Build | Barracks |
| 8:24 | Build | Barracks |
| 8:24 | Create | Villager (Male) |
| 8:32 | Age | Feudal Age |
| 8:52 | Create | Villager (Male) |
| 9:23 | Create | Villager (Male) |
| 9:29 | Build | Stable |
| 9:43 | Create | Villager (Male) |
| 9:45 | Build | Farm |
| 9:47 | Research | Double-Bit Axe |
| 9:58 | Build | House |
| 10:11 | Build | Farm |
| 10:25 | Build | House |
| 10:29 | Create | Scout Cavalry |
| 10:37 | Build | House |
| 10:46 | Create | Villager (Male) |
| 10:49 | Create | Scout Cavalry |
| 11:05 | Build | Farm |
| 11:08 | Create | Scout Cavalry |
| 11:14 | Create | Villager (Male) |
| 11:17 | Build | House |
| 11:18 | Build | House |
| 11:20 | Build | Palisade Wall |
| 11:25 | Build | Palisade Wall |
| 11:35 | Create | Villager (Male) |
| 11:39 | Create | Scout Cavalry |
| 11:59 | Create | Scout Cavalry |
| 12:03 | Build | Farm |
| 12:07 | Create | Villager (Male) |
| 12:14 | Build | House |
| 12:23 | Build | Farm |
| 12:26 | Build | Farm |
| 12:26 | Create | Villager (Male) |
| 12:36 | Create | Scout Cavalry |
| 12:41 | Create | Villager (Male) |
| 12:55 | Create | Villager (Male) |
| 13:05 | Build | House |
| 13:14 | Create | Villager (Male) |
| 13:15 | Create | Scout Cavalry |
| 13:30 | Build | Archery Range |
| 13:42 | Create | Scout Cavalry |
| 13:57 | Create | Villager (Male) |
| 14:11 | Build | Mining Camp |
| 14:14 | Build | Mining Camp |
| 14:23 | Create | Scout Cavalry |
| 14:26 | Create | Archer |
| 14:40 | Create | Villager (Male) |
| 14:54 | Build | Palisade Wall |
| 15:03 | Create | Villager (Male) |
| 15:24 | Create | Villager (Male) |
| 15:30 | Create | Archer |
| 15:43 | Build | Lumber Camp |
| 15:47 | Build | Blacksmith |
| 15:48 | Create | Archer |
| 15:54 | Create | Villager (Male) |
| 15:55 | Create | Scout Cavalry |
| 16:21 | Create | Villager (Male) |
| 16:32 | Create | Archer |
| 16:34 | Research | Fletching |
| 16:36 | Create | Villager (Male) |
| 16:44 | Build | House |
| 16:45 | Build | House |
| 16:50 | Build | Farm |
| 16:51 | Build | Farm |
| 16:51 | Build | Farm |
| 16:51 | Build | Farm |
| 16:51 | Build | Farm |
| 16:52 | Build | Farm |
| 16:59 | Create | Archer |
| 17:03 | Create | Villager (Male) |
| 17:35 | Create | Villager (Male) |
| 17:39 | Build | Palisade Wall |
| 17:43 | Create | Archer |
| 17:55 | Build | Farm |
| 17:56 | Build | Farm |
| 17:59 | Build | Farm |
| 18:00 | Build | Farm |
| 18:00 | Create | Villager (Male) |
| 18:14 | Create | Villager (Male) |
| 18:15 | Create | Archer |
| 18:29 | Create | Villager (Male) |
| 18:45 | Create | Villager (Male) |
| 19:01 | Create | Archer |
| 19:18 | Create | Archer |
| 19:30 | Build | Farm |
| 19:31 | Research | Wheelbarrow |
| 19:32 | Research | Wheelbarrow |
| 19:33 | Create | Archer |
| 19:35 | Research | Double-Bit Axe |
| 19:50 | Create | Villager (Male) |
| 20:06 | Create | Archer |
| 20:12 | Build | Farm |
| 20:14 | Build | Farm |
| 20:42 | Create | Villager (Male) |
| 21:08 | Create | Archer |
| 21:21 | Build | Farm |
| 21:21 | Create | Villager (Male) |
| 21:40 | Create | Skirmisher |
| 21:59 | Research | Castle Age |
| 22:15 | Create | Skirmisher |
| 22:28 | Build | Stable |
| 22:32 | Research | Padded Archer Armor |
| 22:33 | Create | Skirmisher |
| 22:34 | Create | Skirmisher |
| 23:00 | Create | Skirmisher |
| 23:04 | Build | Watch Tower |
| 23:10 | Create | Skirmisher |
| 23:25 | Create | Skirmisher |
| 23:48 | Create | Skirmisher |
| 23:52 | Research | Gold Mining |
| 23:52 | Research | Gold Mining |
| 23:58 | Create | Skirmisher |
| 24:21 | Build | House |
| 24:43 | Create | Villager (Male) |
| 24:51 | Age | Castle Age |
| 24:54 | Create | Knight |
| 24:54 | Create | Knight |
| 24:56 | Research | Bodkin Arrow |
| 24:56 | Research | Bodkin Arrow |
Match timeline
| 2:47 | flightlessbird · first_building Barracks |
| 6:14 | 南园寺 · wall_segment Palisade Wall x1 |
| 6:14 | 南园寺 · wall_segment Palisade Wall x1 |
| 6:25 | 南园寺 · wall_segment Palisade Wall x1 |
| 6:27 | 南园寺 · wall_segment Palisade Wall x1 |
| 6:29 | 南园寺 · wall_segment Palisade Wall x1 |
| 8:22 | 南园寺 · first_building Barracks |
| 8:32 | 南园寺 · age_up feudal |
| 9:29 | 南园寺 · first_building Stable |
| 10:47 | flightlessbird · wall_segment Palisade Wall x3 |
| 10:50 | flightlessbird · wall_segment Palisade Wall x9 |
| 11:14 | flightlessbird · wall_segment Palisade Wall x11 |
| 11:20 | 南园寺 · wall_segment Palisade Wall x1 |
| 11:24 | flightlessbird · wall_segment Palisade Wall x2 |
| 11:25 | 南园寺 · wall_segment Palisade Wall x2 |
| 11:26 | flightlessbird · wall_segment Palisade Wall x11 |
| 11:46 | flightlessbird · wall_segment Palisade Wall x6 |
| 11:49 | flightlessbird · wall_segment Palisade Wall x3 |
| 11:51 | flightlessbird · wall_segment Palisade Wall x2 |
| 12:38 | flightlessbird · age_up feudal |
| 13:30 | 南园寺 · first_building Archery Range |
| 13:45 | flightlessbird · wall_segment Palisade Wall x1 |
| 14:54 | 南园寺 · wall_segment Palisade Wall x3 |
| 16:03 | flightlessbird · first_building Archery Range |
| 16:24 | flightlessbird · wall_segment Palisade Wall x22 |
| 17:39 | 南园寺 · wall_segment Palisade Wall x6 |
| 19:28 | flightlessbird · wall_segment Palisade Wall x1 |
| 20:40 | flightlessbird · wall_segment Palisade Wall x1 |
| 22:47 | flightlessbird · age_up castle |
| 24:51 | 南园寺 · age_up castle |
| 25:55 | flightlessbird · first_market_sell 100 wood |
| 25:55 | flightlessbird · first_market_buy 100 stone |
| 26:13 | flightlessbird · wall_segment Palisade Wall x1 |
| 26:14 | flightlessbird · wall_segment Palisade Wall x1 |
| 26:21 | 南园寺 · first_building Monastery |
| 26:33 | flightlessbird · first_building Monastery |
| 28:14 | flightlessbird · first_building Stable |
| 30:04 | flightlessbird · first_building Siege Workshop |
| 30:23 | flightlessbird · wall_segment Palisade Wall x1 |
| 30:24 | flightlessbird · wall_segment Palisade Wall x1 |
| 30:52 | 南园寺 · first_building Siege Workshop |
| 31:01 | 南园寺 · first_market_buy 100 food |
| 40:37 | flightlessbird · first_building Castle |
| 41:13 | 南园寺 · first_building Castle |
| 48:15 | flightlessbird · wall_segment Stone Wall x1 |
| 48:16 | flightlessbird · wall_segment Stone Wall x1 |
| 48:17 | flightlessbird · wall_segment Stone Wall x1 |
| 50:51 | 南园寺 · age_up imperial |
| 55:43 | 南园寺 · first_market_sell 100 food |
| 58:27 | flightlessbird · age_up imperial |
| 60:10 | 南园寺 · wall_segment Stone Wall x1 |
| 60:12 | 南园寺 · wall_segment Stone Wall x1 |
| 71:35 | flightlessbird · resign |
[ AI ANALYSIS · 1 CREDIT ]
What really happened in this match?
Wolo.gg analyzes every decision: build order, eco, micro, common mistakes by bracket. Personalized analysis on WhatsApp or Discord in 30 seconds.
Civ guide
Dravidians
Perfil
Jugador #285508